 Dungeon Crawl Stone Soup version 0.21-a0-480-g5da0f0d (webtiles) character file.

25 slep the Slasher (level 2, 0/22 HPs)
             Began as a Demonspawn Gladiator on Nov 22, 2017.
             Slain by a hobgoblin
             ... wielding a +0 club
              (2 damage)
             ... on level 1 of the Dungeon on Nov 23, 2017.
             The game lasted 00:02:29 (310 turns).

slep the Slasher (Demonspawn Gladiator)              Turns: 310, Time: 00:02:29

Health: 0/22       AC:  8    Str: 14    XL:     2   Next: 86%
Magic:  2/2        EV: 10    Int:  9    God:
Gold:   24         SH:  0    Dex: 14    Spells: 1/1 levels left

rFire    . . .     SeeInvis .   a - +0 long sword
rCold    . . .     Gourm    .   (no shield)
rNeg     . . .     Faith    .   g - +0 scale mail
rPois    .         Spirit   .   c - +0 helmet
rElec    .         Reflect  .   k - +0 cloak
rCorr    .         Harm     .   (no gloves)
MR       .....                  (no boots)
Stlth    ..........             (no amulet)
HPRegen  0.07/turn              (no ring)
MPRegen  0.08/turn              (no ring)

@: no status effects
A: rot immunity
a: no special abilities


You were on level 1 of the Dungeon.
You were not hungry.

You visited 1 branch of the dungeon, and saw 1 of its levels.

You collected 24 gold pieces.

Inventory:

Hand Weapons
 a - a +0 long sword (weapon)
Missiles
 d - 3 throwing nets (quivered)
Armour
 b - a +0 leather armour
 c - a +0 helmet (worn)
 g - a +0 scale mail (worn)
 k - a +0 cloak (worn)
Jewellery
 j - an uncursed ring of stealth
Scrolls
 e - a scroll of remove curse {unknown}
 h - a scroll of blinking {unknown}
 l - a scroll of enchant weapon {unknown}
Comestibles
 f - 2 bread rations
 i - 3 fruits
 m - a chunk of flesh


   Skills:
 + Level 2.1 Fighting
 + Level 3.2 Long Blades
 + Level 1.8 Throwing
 + Level 0.4 Armour
 + Level 3.1 Dodging


You had one spell level left.
You didn't know any spells.

Dungeon Overview and Level Annotations

Branches:
Dungeon (1/15)

Altars:


Innate Abilities, Weirdness & Mutations

You are immune to rotting.


Message History

The ooze is moderately wounded.
The ooze hits you.
* * * LOW HITPOINT WARNING * * *
You barely miss the ooze.
The ooze is moderately wounded.
The ooze barely misses you.
You riposte.
Your scale mail prevents you from hitting the ooze.
The ooze is moderately wounded.
You slash the ooze!
You kill the ooze!
You hit the hobgoblin.
The hobgoblin is moderately wounded.
The hobgoblin hits you but does no damage.
You slash the hobgoblin!
You kill the hobgoblin!
A hobgoblin comes into view. It is wielding a club.
The hobgoblin hits you with a club.
* * * LOW HITPOINT WARNING * * *
You barely miss the hobgoblin. The hobgoblin hits you with a club.
You die...

##### #### #...########....
#............# #
#.>..####...###.####
########...................
#....).........@g..........
##.####.(............#......
.........)..#####....# .....
............# #...$.# ....
............# #.##### ...
.[......#...# #. ..
##.########## .. . ...# #..
##.########


You could see a hobgoblin.

Vanquished Creatures
  An ooze (D:1)
  2 bats (D:1)
  4 goblins (D:1)
  4 hobgoblins (D:1)
  3 kobolds (D:1)
  2 frilled lizards (D:1)
  6 rats (D:1)
22 creatures vanquished.

Notes
Turn   | Place    | Note
-------+----------+-------------------------------------------
     0 | D:1      | slep the Demonspawn Gladiator began the quest for the Orb.
     0 | D:1      | Reached XP level 1. HP: 16/16 MP: 1/1
   122 | D:1      | Gained mutation: You are immune to rotting. [demonic ancestry]
   122 | D:1      | Reached XP level 2. HP: 12/22 MP: 2/2
   310 | D:1      | Slain by a hobgoblin

Vault maps used:
D:1:      erik_arrival_cave_to_civilisation

Skill      XL: |  1  2 |
---------------+-------+-----
Long Blades    | 3 |  3.2
Dodging        | 3 |  3.1
Fighting       | |  2.1
Throwing       | |  1.8
Armour         | |  0.4

Action                   || total
-------------------------++-------
Melee: Long sword        ||    71
Armor: Scale mail        ||    19
       Leather armour    ||     2
Dodge: Dodged            ||    44
       Rpst.: Long sword ||    15

Table legend:
 A = Spawn XP
 B = Non-spawn XP
 C = Spawn XP percentage of total XP
 D = Spawn monster count
 E = Non-spawn monster count
 F = Spawn count percentage of total count
 G = Total turns spent on level
                    A         B        C        D         E        F      G
               +---------+---------+-------+---------+---------+-------+---------
         Total |       0 |      37 |   0.0 |       0 |      22 |   0.0 |   310
               +---------+---------+-------+---------+---------+-------+---------
           D:1 |       0 |      37 |   0.0 |       0 |      22 |   0.0 |   310
               +---------+---------+-------+---------+---------+-------+---------
